 Dungeon Crawl Stone Soup version 0.21.1-1-g345015f (webtiles) character file.

137 grindst0ne the Skirmisher (level 5, -3/46 HPs)
             Began as a Formicid Hunter on Mar 1, 2018.
             Slain by an orc priest
             ... wielding a +3 war axe
              (8 damage)
             ... on level 3 of the Dungeon.
             The game lasted 00:04:40 (2829 turns).

grindst0ne the Skirmisher (Formicid Hunter)         Turns: 2829, Time: 00:04:41

Health: -3/46      AC:  6    Str: 18    XL:     5   Next: 43%
Magic:  5/5        EV: 12    Int: 10    God:
Gold:   100        SH:  0    Dex: 11    Spells: 4/4 levels left

rFire    . . .     SeeInvis +   p - +0 hand axe
rCold    . . .     Gourm    .   (no shield)
rNeg     . . .     Faith    .   g - +3 leather armour
rPois    .         Spirit   .   (helmet unavailable)
rElec    .         Reflect  .   (no cloak)
rCorr    .         Harm     .   (no gloves)
MR       .....                  (no boots)
Stlth    +.........             l - amulet of magic regeneration
HPRegen  0.15/turn              (no ring)
MPRegen  0.34/turn              (no ring)

@: no status effects
A: permanent stasis, dig shafts and tunnels, four strong arms, antennae 3
a: Dig, Shaft Self


You were on level 3 of the Dungeon.
You were not hungry.

You visited 1 branch of the dungeon, and saw 3 of its levels.

You collected 100 gold pieces.

Inventory:

Hand Weapons
 a - a +0 short sword
 p - a +0 hand axe (weapon)
Missiles
 c - 5 javelins (quivered)
Armour
 b - a +0 leather armour
 d - a +0 cloak
 g - a +3 leather armour (worn)
Jewellery
 l - an amulet of magic regeneration (around neck)
Scrolls
 e - a scroll of remove curse
Comestibles
 f - 8 rations
 h - a chunk of flesh


   Skills:
 + Level 5.7 Fighting
 - Level 4.0 Throwing
 - Level 1.7 Dodging
 - Level 1.2 Stealth


You had 4 spell levels left.
You didn't know any spells.

Dungeon Overview and Level Annotations

Branches:
Dungeon (3/15)

Altars:

Annotations:
D:2 exclusion: downstairs


Innate Abilities, Weirdness & Mutations

You cannot be hasted, slowed, berserked, paralysed or teleported.
You can dig through walls and to a lower floor.
Your four strong arms can wield two-handed weapons with a shield.
You have a pair of large antennae on your head. (SInv)


Message History

The orc priest is moderately wounded.
The orc priest closely misses you.
You barely miss the orc priest.
The orc priest is moderately wounded.
The orc priest hits you with an enchanted war axe.
* * * LOW HITPOINT WARNING * * *
You hit the orc priest but do no damage.
The orc priest is moderately wounded.
The orc priest hits you with an enchanted war axe.
* * * LOW HITPOINT WARNING * * *
As you read the scroll labeled VEUDDOZXOA, it crumbles to dust.
It is a scroll of identify.
d - a +0 cloak The orc priest closely misses you.
You extend your mandibles.
You dig through the rock wall.
You dig through the rock wall.
You dig through the rock wall.
The orc priest hits you with an enchanted war axe!
You die...

#...................##....g
#..#<####.#######...#######
#..#.## #.#######...# #
#..#..# #........<..#
#..#..###..######...#
#..#....#..######.#.#
#...............{...#
#.........######..###
##.##.#.##@## #..#
#.##.#.###o# #..#
#.##.#.##.## #..#
#.##.#.###.# #..#
#.##.#.##{#####..#
#.##.#.###{#.....# #.
#.....{##.###.#
###....{......#
######..#####


You could see an orc priest.

Vanquished Creatures
  A jelly (D:3)
  3 gnolls (D:3)
  2 adders (D:2)
  An ooze (D:1)
  2 worms (D:2)
  4 leopard geckos
  An orc (D:3)
  A ball python (D:2)
  7 bats
  4 giant cockroaches
  3 goblins
  A hobgoblin (D:3)
  6 jackals
  5 frilled lizards
  6 kobolds
47 creatures vanquished.

Notes
Turn   | Place    | Note
-------+----------+-------------------------------------------
     0 | D:1      | grindst0ne the Formicid Hunter began the quest for the Orb.
     0 | D:1      | Reached XP level 1. HP: 16/16 MP: 1/1
   420 | D:1      | Reached skill level 3 in Fighting
   420 | D:1      | Reached XP level 2. HP: 21/24 MP: 2/2
   706 | D:2      | Reached XP level 3. HP: 25/29 MP: 3/3
   942 | D:2      | Reached skill level 4 in Fighting
   998 | D:2      | HP: 1/30 [poisoned by an adder]
  1547 | D:2      | Reached XP level 4. HP: 34/38 MP: 4/4
  2492 | D:3      | Reached skill level 5 in Fighting
  2492 | D:3      | Reached XP level 5. HP: 23/44 MP: 5/5
  2829 | D:3      | Slain by an orc priest

Skill      XL: |  1  2  3  4 |
---------------+-------------+-----
Fighting       | 3 4 5 |  5.7
Throwing       | |  4.0
Dodging        | |  1.7
Stealth        | |  1.2

Action                   |  1- 3 |  4- 6 || total
-------------------------+-------+-------++-------
Melee: Short sword       |    32 |       ||    32
       Hand axe          |    57 |    81 ||   138
Throw: Javelin           |    15 |     9 ||    24
       Throwing net      |     1 |     1 ||     2
 Abil: Dig               |     1 |     4 ||     5
  Use: Scroll            |     6 |     1 ||     7
       Potion            |     2 |       ||     2
 Stab: Sleeping          |     2 |       ||     2
  Eat: Chunk             |     2 |     5 ||     7
Armor: Leather armour    |    58 |    43 ||   101
       Skin              |     2 |       ||     2
Dodge: Dodged            |    71 |    62 ||   133
